 Dungeon Crawl Stone Soup version 0.31-a0-765-g67fe2935dc (webtiles) character file.

Game seed: 99656114002491583

2848 Babbit the Magician (level 9, -21/69 HPs)
             Began as a Pale Draconian Hedge Wizard on Sept 14, 2023.
             Was a Believer of Qazlal.
             Killed from afar by a juvenile weirdfire beast (49 damage)
             ... with a blast of flame
             ... on level 7 of the Dungeon on Sept 15, 2023.
             The game lasted 01:43:05 (10914 turns).

Babbit the Magician (Pale Draconian Hedge Wizard)  Turns: 10914, Time: 01:43:06

Health: -21/69     AC: 12    Str:  9    XL:     9   Next: 46%
Magic:  16/20      EV: 10    Int: 24    God:    Qazlal [**....]
Gold:   591        SH:  7    Dex: 11    Spells: 13/22 levels left

rFire   x . .        w - +1 sling of Yhatus {freeze, rPois rF- rC++ Str-4}
rCold   + + .        (no shield)
rNeg    . . .        (body armour unavailable)
rPois   +            b - +0 hat
rElec   .            h - +2 cloak
rCorr   .            n - +0 pair of gloves
SInv    .            m - +0 pair of boots
Will    .....        j - amulet of reflection
Stlth   ++           d - ring of wizardry
HPRegen 0.31/turn    t - +6 ring of intelligence
MPRegen 0.17/turn

%: reflection, wizardry (x1)
@: short of breath, constricted
A: breathe steam, AC +7, unfitting armour, cold-blooded, steam resistance
a: Breathe Steam, Renounce Religion, Upheaval


You were on level 7 of the Dungeon.
You worshipped Qazlal.
Qazlal was pleased with you.
You visited 1 branch of the dungeon, and saw 7 of its levels.
You also visited: Bailey.

You collected 591 gold pieces.

Inventory:

Hand Weapons
 a - a +2 dagger of flaming
 w - the +1 sling of Yhatus (weapon) {freeze, rPois rF- rC++ Str-4}
   (You found it on level 6 of the Dungeon)

   Str-4:     It affects your strength (-4).
   rF-:       It makes you vulnerable to fire.
   rC++:      It greatly protects you from cold.
   rPois:     It protects you from poison
Armour
 b - a +0 hat (worn)
 h - a +2 cloak (worn)
 m - a +0 pair of boots (worn)
 n - a +0 pair of gloves (worn)
Magical Staves
 k - a staff of fire
 l - a staff of death
 r - a staff of earth
Jewellery
 d - a ring of wizardry (left hand)
 j - an amulet of reflection (around neck)
 t - a +6 ring of intelligence (right hand)
 z - a +5 ring of evasion
Wands
 f - a wand of mindburst (17) (quivered)
 o - a wand of polymorph (15)
Scrolls
 e - a scroll of blinking
 g - a scroll of revelation
 p - 2 scrolls of teleportation
 q - 2 scrolls of poison {unknown}
 u - a scroll of torment {unknown}
 y - a scroll of silence {unknown}
Potions
 i - 4 potions of mutation
 s - 4 potions of curing
 v - a potion of brilliance
 A - a potion of ambrosia {unknown}
 B - a potion of might {unknown}
 C - a potion of resistance {unknown}


   Skills:
 + Level 3.1 Fighting
 + Level 0.4 Short Blades
 + Level 0.2 Staves
 + Level 2.4 Ranged Weapons
 + Level 4.8 Dodging
 + Level 3.4 Stealth
 + Level 3.0 Shields
 + Level 7.4 Spellcasting
 + Level 5.7 Conjurations
 + Level 0.7 Hexes
 + Level 3.3 Summonings
 + Level 2.1 Translocations
 + Level 0.5 Evocations


You had 13 spell levels left.
You knew the following spells:

 Your Spells              Type           Power      Damage    Failure   Level
a - Magic Dart            Conj           100%       1d8       1%          1
b - Slow                  Hex            48%        N/A       1%          1
c - Blink                 Tloc           38%        N/A       1%          2
d - Call Imp              Summ           50%        N/A       1%          2
e - Call Canine Familiar  Summ           25%        N/A       2%          3

Your spell library contained the following spells:

 Spells                   Type           Power      Damage    Failure   Level
 Cigotuvi's Dreadful Rot  Necr/Pois/Air  16%        N/A       4%          2
 Mephitic Cloud           Conj/Pois/Air  18%        N/A       4%          3
 Sigil of Binding         Hex            12%        N/A       6%          3
 Tukima's Dance           Hex            12%        N/A       6%          3
 Iskenderun's Mystic Bla  Conj/Tloc      27%        2d7       6%          4
 Inner Flame              Hex/Fire       10%        N/A       8%          3
 Ignite Poison            Fire/Tmut/Pois 8%         N/A       9%          3
 Summon Ice Beast         Ice/Summ       16%        N/A       14%         4
 Dimensional Bullseye     Hex/Tloc       7%         N/A       16%         4
 Leda's Liquefaction      Hex/Erth       5%         N/A       24%         4
 Summon Forest            Summ/Tloc      11%        N/A       24%         5
 Freezing Cloud           Conj/Ice/Air   9%         6-21      32%         5
 Summon Mana Viper        Hex/Summ       18%        N/A       32%         5
 Yara's Violent Unravell  Hex/Tmut       5%         3d4       52%         5
 Summon Cactus Giant      Summ           12%        N/A       69%         6
 Monstrous Menagerie      Summ           12%        N/A       99%         7
 Enfeeble                 Hex            6%         N/A       100%        7


Dungeon Overview and Level Annotations

Branches:
Dungeon (7/15)             Temple (0/1) D:6          Bailey (visited)

Altars:
Qazlal

Shops:
D:7 (


Innate Abilities, Weirdness & Mutations

You can breathe blasts of scalding, opaque steam.
Your pale cyan-grey scales are hard. (AC +7)
You cannot fit into any form of body armour.
You are cold-blooded and may be slowed by cold attacks.
You are immune to the effects of steam.


Message History

Press: ? - help, Q - select action, (/) - cycle Shift-Dir - straight line, f/p - juvenile weirdfire beast
Aim: a juvenile weirdfire beast (steam, lightly wounded, ally target, 100% to hit)
The magic dart hits the juvenile weirdfire beast but does no damage.
The juvenile weirdfire beast is lightly wounded.
Your hound bites the juvenile weirdfire beast but does no damage.
Aiming: Magic Dart (safe; 1% risk of failure)
Press: ? - help, Q - select action, (/) - cycle Shift-Dir - straight line, f/p - juvenile weirdfire beast
Aim: a juvenile weirdfire beast (steam, lightly wounded, ally target, 100% to hit)
The magic dart hits the juvenile weirdfire beast but does no damage.
The juvenile weirdfire beast is lightly wounded.
Your hound bites the juvenile weirdfire beast.
The juvenile weirdfire beast hits your hound.
The juvenile weirdfire beast closely misses your hound.
Your hound bites the juvenile weirdfire beast but does no damage.
Aiming: Slow (safe; 1% risk of failure)
Press: ? - help, Q - select action, (/) - cycle Shift-Dir - straight line, f/p - juvenile weirdfire beast
Aim: a juvenile weirdfire beast (lightly wounded, ally target, chance to affect: 32%)
Okay, then.
Aiming: Mindburst
Press: ? - help, Q - select action, (/) - cycle Shift-Dir - straight line, f/p - juvenile weirdfire beast
Aim: a juvenile weirdfire beast (lightly wounded, ally target, chance to affect: 53%)
The juvenile weirdfire beast's mind is blasted!
Your hound bites the juvenile weirdfire beast but does no damage.
Aiming: Mindburst
Press: ? - help, Q - select action, (/) - cycle Shift-Dir - straight line, f/p - juvenile weirdfire beast
Aim: a juvenile weirdfire beast (moderately wounded, ally target, chance to affect: 53%)
The juvenile weirdfire beast resists with significant effort.
Your hound bites the juvenile weirdfire beast but does no damage.
The juvenile weirdfire beast barely misses you.
The juvenile weirdfire beast grabs you.
The juvenile weirdfire beast constricts you!
Your hound barely misses the juvenile weirdfire beast.
Aiming: Mindburst
Press: ? - help, Q - select action, (/) - cycle Shift-Dir - straight line, f/p - juvenile weirdfire beast
Aim: a juvenile weirdfire beast (moderately wounded, constricting you, ally target, chance to affect: 53%)
The juvenile weirdfire beast resists with significant effort.
The juvenile weirdfire beast breathes flames at you.
The blast of flame hits you!!! The fire burns you terribly!
Ouch! That really hurt!
You die...

#.# #.# ### ......
#.# #.# ... }.....#
#.# #.# ### .......
#.# #.# ....... #.#
#.# ....... #.# #.#
#...... #.# ##.#..#
.....hH## ##)#
......# #...@###### #
#.)# ##.#.##
##........#.###.#####
#
########.#.#..).....
# ..........#.#.####.
###.. #######.###.#.#
#. ..... #.#
#.#.####. ###.. ##.#
#.#.##... # #..#
#.#.##.#. ##)##
#.#.##.#.


You could see a juvenile weirdfire beast (catching breath, ally target) and a
friendly hound (summoned).

Vanquished Creatures
  4 orc warriors
  An ice beast (D:6)
  A sky beast (D:6)
  A centaur (D:5)
  2 ogres (D:6)
  2 bullfrogs (D:6)
  A gnoll sergeant (D:7)
  3 scorpions
  A water moccasin skeleton (D:5)
  6 killer bees (D:7)
  An electric eel (D:6)
  2 bullfrog zombies (D:5)
  3 hounds
  An orc priest (D:5)
  A gnoll bouda (D:7)
  A sleepcap (D:5)
  4 iguanas
  Natasha (twice) (D:2)
  A scorpion zombie (D:5)
  3 orc wizards
  3 mutant beasts
  A killer bee zombie (D:5)
  A hound zombie (D:5)
  A howler monkey zombie (D:5)
  9 gnolls
  7 adders
  2 white imps (D:6)
  2 worms
  8 dart slugs
  22 orcs
  10 ball pythons
  10 endoplasms
  A giant cockroach (D:3)
  11 goblins
  4 hobgoblins
  A jackal (D:5)
  4 kobolds
  A quokka (D:3)
  6 bats
  4 frilled lizards
  3 rats
152 creatures vanquished.

Vanquished Creatures (collateral kills)
  2 ice beasts
  An electric eel (D:6)
  A centaur zombie (D:5)
  2 jellies
  An iguana (D:5)
  A sleepcap (D:5)
  An orc wizard (D:7)
  2 gnolls (D:7)
  2 adders
  An adder zombie (D:5)
  A dart slug (D:6)
  2 orcs (D:6)
  A goblin (D:7)
  A jackal (D:5)
19 creatures vanquished.

Grand Total: 171 creatures vanquished

Notes
Turn   | Place    | Note
-------+----------+-------------------------------------------
     0 | D:1      | Babbit the Draconian Hedge Wizard began the quest for the
                  | Orb.
     0 | D:1      | Reached XP level 1. HP: 14/14 MP: 4/4
   195 | D:1      | Reached XP level 2. HP: 11/20 MP: 0/6
  1278 | D:2      | Reached XP level 3. HP: 12/26 MP: 0/8
  1927 | D:2      | Noticed Natasha
  1933 | D:2      | Killed Natasha
  1996 | D:2      | Reached XP level 4. HP: 33/33 MP: 5/9
  2218 | D:2      | Noticed Natasha
  2225 | D:2      | Killed Natasha
  2226 | D:2      | Reached skill level 4 in Spellcasting
  3751 | D:4      | Reached XP level 5. HP: 38/38 MP: 3/11
  3857 | D:4      | Learned a level 1 spell: Slow
  3860 | D:4      | Learned a level 2 spell: Blink
  3863 | D:4      | Learned a level 2 spell: Call Imp
  5162 | D:4      | Reached XP level 6. HP: 7/45 MP: 0/12
  5569 | D:5      | Entered Level 5 of the Dungeon
  5957 | D:5      | Reached skill level 1 in Shields
  6246 | D:5      | Reached skill level 5 in Spellcasting
  6246 | D:5      | Your scales start taking on a pale cyan-grey colour.
  6246 | D:5      | Reached XP level 7. HP: 49/51 MP: 1/14
  6246 | D:5      | Gained mutation: You are immune to the effects of steam.
                  | [Pale Draconian growth]
  6381 | D:5      | Upgraded the game from 0.31-a0-750-gfe7b580527 to
                  | 0.31-a0-765-g67fe2935dc
  6642 | D:5      | Found a stormy altar of Qazlal.
  6669 | D:5      | Became a worshipper of Qazlal Stormbringer
  7269 | D:5      | Learned a level 3 spell: Call Canine Familiar
  7475 | D:6      | Reached XP level 8. HP: 58/58 MP: 3/16
  7477 | D:6      | Reached skill level 6 in Spellcasting
  7689 | D:6      | Identified the +1 sling of Yhatus {freeze, rPois rF- rC++
                  | Str-4}
  7846 | D:6      | Reached skill level 1 in Ranged Weapons
  7950 | D:6      | Reached * piety under Qazlal
  8193 | D:6      | Reached skill level 1 in Fighting
  8276 | D:6      | Found a staircase to the Ecumenical Temple.
  8770 | D:6      | Reached skill level 7 in Spellcasting
  9023 | D:7      | Reached skill level 5 in Conjurations
  9035 | D:7      | Reached XP level 9. HP: 23/67 MP: 0/19
  9137 | D:7      | Found a flagged portal.
  9148 | Bailey   | Entered a bailey
  9564 | Bailey   | Noticed an orc knight
 10251 | D:7      | Found Pilasmib's Weapon Shoppe.
 10314 | D:7      | Reached ** piety under Qazlal
 10655 | D:7      | Noticed a juvenile weirdfire beast
 10914 | D:7      | Killed from afar by a juvenile weirdfire beast

Illustrated notes

Levels and vault maps discovered:
D:1:      shiori_shiawase, layout_basic
D:2:      layout_loops_ring, uniq_natasha
D:3:      layout_loops_cross, grunt_ministairs_6
D:4:      layout_loops_ring, amcnicky_mini_rare_corridor_liquid,
          lightli_minifort
D:5:      layout_gridville, mainiacjoe_overflow_catwalk, serial_undead,
          serial_undead_d, serial_undead_e, serial_undead_a, serial_undead_e
D:6:      kennysheep_slugbush, layout_basic, temple_statues,
          minmay_fractal_squares_5
D:7:      layout_loops_ring, serial_shops, nicolae_shop_behind_doors,
          enter_bailey_3, dreamdust_wishing_well, nicolae_beast_mode

Skill      XL: |  1  2  3  4  5  6  7  8  9 |
---------------+----------------------------+-----
Dodging        | 2 4 |  4.8
Conjurations   | 2 3 4 5 |  5.7
Stealth        | 2 3 |  3.4
Spellcasting   | 4 5 7 |  7.4
Translocations | 2 |  2.1
Shields        | 1 2 3 |  3.0
Summonings     | 2 3 |  3.3
Ranged Weapons | 1 2 |  2.4
Fighting       | 2 3 |  3.1
Short Blades   | |  0.4
Staves         | |  0.2
Hexes          | |  0.7
Evocations     | |  0.5

Action                     |  1- 3 |  4- 6 |  7- 9 || total
---------------------------+-------+-------+-------++-------
  Melee: Dagger            |    16 |       |       ||    16
         Staff             |     5 |    10 |    40 ||    55
         Tailslap          |     4 |       |     6 ||    10
   Fire: Sling             |       |       |    62 ||    62
   Cast: Magic Dart        |    87 |   227 |   312 ||   626
         Call Imp          |       |    10 |     8 ||    18
         Blink             |       |     3 |     1 ||     4
         Call Canine Famil |       |       |    31 ||    31
         Slow              |       |       |    18 ||    18
Ability: Breathe Steam     |       |       |     5 ||     5
  Evoke: Wand              |       |     2 |    12 ||    14
    Use: Scroll            |       |    10 |     6 ||    16
         Potion            |       |       |     3 ||     3
 Armour: Skin              |    20 |   114 |   249 ||   383
  Dodge: Dodged            |    18 |    96 |   224 ||   338
  Block: Other             |       |    43 |   107 ||   150
         Reflection        |       |       |     2 ||     2

Table legend: (Time is in decaauts)
 A = Elapsed time spent in this place.
 B = Non-inter-level travel time spent in this place.
 C = Inter-level travel time spent in this place.
 D = Time resting spent in this place.
 E = Time spent auto-exploring this place.
 F = Levels seen in this place.
 G = Mean time per level.
                   A        B        C        D        E       F      G
               +--------+--------+--------+--------+--------+-----+--------+
         Total |  10976 |  10652 |    324 |   4916 |   3721 |   8 | 1372.0 |
       Dungeon |  10524 |  10200 |    324 |   4627 |   3672 |   7 | 1503.4 |
        Bailey |    452 |    452 |      0 |    289 |     49 |   1 |  452.0 |
               +--------+--------+--------+--------+--------+-----+--------+

Top non-repeatable levels by time:
     D:6: 1835 daAuts
     D:5: 1762 daAuts
     D:3: 1606 daAuts
     D:4: 1560 daAuts
     D:2: 1312 daAuts
     D:7: 1251 daAuts
     D:1: 1196 daAuts
  Bailey: 452 daAuts
